 Dungeon Crawl Stone Soup version 0.31-a0-876-gfe8ebadbca (webtiles) character file.

Game seed: 12342152311771192129

0 BinkBink the Chopper (level 1, -7/18 HPs)
             Began as a Hill Orc Gladiator on Oct 13, 2023.
             Mangled by a gnoll
             ... wielding a +0 flail
              (8 damage)
             ... on level 1 of the Dungeon.
             The game lasted 00:00:15 (17 turns).

BinkBink the Chopper (Hill Orc Gladiator)             Turns: 17, Time: 00:00:16

Health: -7/18      AC:  4    Str: 16    XL:     1   Next: 10%
Magic:  1/1        EV: 12    Int:  8    God:
Gold:   0          SH:  0    Dex: 12    Spells: 0/0 levels left

rFire   . . .        a - +0 war axe
rCold   . . .        (no shield)
rNeg    . . .        b - +0 leather armour
rPois   .            c - +0 helmet
rElec   .            (no cloak)
rCorr   .            (no gloves)
SInv    .            (no boots)
Will    .....        (no amulet)
Stlth   +            (no ring)
HPRegen 0.23/turn    (no ring)
MPRegen 0.07/turn

%: no passive effects
@: no status effects
A: no striking features
a: no special abilities


You were on level 1 of the Dungeon.
You visited 1 branch of the dungeon, and saw 1 of its levels.

Inventory:

Hand Weapons
 a - a +0 war axe (weapon)
Missiles
 d - 3 throwing nets (quivered)
 e - a javelin
Armour
 b - a +0 leather armour (worn)
 c - a +0 helmet (worn)


   Skills:
 + Level 2.4 Fighting
 * Level 4.0 Axes
 - Level 1.7 Throwing
 - Level 2.4 Dodging


You couldn't memorise any spells.
You didn't know any spells.
Your spell library was empty.

Dungeon Overview and Level Annotations

Branches:
Dungeon (1/15)

Altars:


Message History

Welcome, BinkBink the Hill Orc Gladiator.
The splendid Orb of Zot lies far below, as if waiting for you to find it.
Press ? for a list of commands and other information.
Found the orc corpse of BinkBink.
Found a staircase leading out of the dungeon.
You open the door.
Found a leather armour.
A kobold comes into view. It is wielding a +0 dagger.
There is an open door here.
A kobold is nearby!
A kobold is nearby!
Found 14 gold pieces.
The kobold shouts!
You hear a shout!
A gnoll comes into view. It is wielding a +0 flail.
The gnoll shouts!
The kobold hits you but does no damage.
You closely miss the kobold. The kobold hits you but does no damage.
You slash the kobold!
You kill the kobold!
Found a sling.
The gnoll closely misses you.
Things that are here:
a +0 dagger; 2 stones You hit the gnoll but do no damage.
The gnoll hits you with a +0 flail.
You closely miss the gnoll. The gnoll hits you with a +0 flail!
Ouch! That really hurt!
The gnoll hits you with a +0 flail!
* * * LOW HITPOINT WARNING * * *
You are too injured to fight recklessly!
You are too injured to fight recklessly!
You are too injured to fight recklessly!
You slash the gnoll!
The gnoll is severely wounded.
The gnoll hits you with a +0 flail!
You die...

#.......)..
#.......#..
#.......... #
#.........#
..###..........
............... $.
#...g...###.
#.!###.@.......
#.......###########
........#.........#
........#...###...#
...[....'...#†#.<.#
.......##...###...#
....#.# #.........#
...... ###########
......


You could see a gnoll.

Vanquished Creatures
  A kobold (D:1)
1 creature vanquished.

Notes
Turn   | Place    | Note
-------+----------+-------------------------------------------
     0 | D:1      | BinkBink the Hill Orc Gladiator began the quest for the
                  | Orb.
     0 | D:1      | Reached XP level 1. HP: 18/18 MP: 1/1
    17 | D:1      | Mangled by a gnoll

Illustrated notes

Levels and vault maps discovered:
D:1:      nicolae_arrival_memento_mori, layout_rooms,
          amcnicky_mini_rare_corridor_liquid, feat_on_display

Action                     || total
---------------------------++-------
  Melee: War axe           ||     5
 Armour: Leather armour    ||     6
  Dodge: Dodged            ||     1

Table legend: (Time is in decaauts)
 A = Elapsed time spent in this place.
 B = Non-inter-level travel time spent in this place.
 C = Inter-level travel time spent in this place.
 D = Time resting spent in this place.
 E = Time spent auto-exploring this place.
 F = Levels seen in this place.
 G = Mean time per level.
                   A        B        C        D        E       F      G
               +--------+--------+--------+--------+--------+-----+--------+
         Total |     18 |     18 |      0 |      0 |      8 |   1 |   18.0 |
       Dungeon |     18 |     18 |      0 |      0 |      8 |   1 |   18.0 |
               +--------+--------+--------+--------+--------+-----+--------+

Top non-repeatable levels by time:
     D:1: 18 daAuts
